 Dungeon Crawl Stone Soup version 0.24.0-123-gd5b16e6ec5 (webtiles) character file.

Game seed: 14590696091395372245, levelgen mode: deterministic

37 Lemonice the Sneak (level 3, -1/19 HPs)
             Began as a Vampire Enchanter on Feb 10, 2020.
             Slain by a hound (2 damage)
             ... on level 2 of the Dungeon.
             The game lasted 00:02:33 (852 turns).

Lemonice the Sneak (Vampire Enchanter)               Turns: 852, Time: 00:02:34

Health: -1/19      AC:  2    Str:  7    XL:     3   Next: 23%
Magic:  5/6        EV: 13    Int: 18    God:
Gold:   71         SH:  0    Dex: 14    Spells: 5/6 levels left

rFire    . . .     SeeInvis +   a - +1 dagger
rCold    + + .     Gourm    .   (no shield)
rNeg     + + +     Faith    .   b - +0 robe
rPois    ∞         Spirit   .   (no helmet)
rElec    .         Reflect  .   (no cloak)
rCorr    .         Harm     .   (no gloves)
MR       .....                  (no boots)
Stlth    +++++.....             (no amulet)
HPRegen  0.00/turn              (no ring)
MPRegen  0.10/turn              (no ring)

@: bloodless
A: no food, fangs 3, see invisible, unbreathing
a: Bat Form, Revivify


You were on level 2 of the Dungeon.
You were bloodless.

You visited 1 branch of the dungeon, and saw 2 of its levels.

You collected 71 gold pieces.

Inventory:

Hand Weapons
 a - a +1 dagger (weapon)
Armour
 b - a +0 robe (worn)
Jewellery
 g - a cursed -3 ring of strength {unknown}
Scrolls
 c - 2 scrolls of enchant armour {unknown}
 e - 2 scrolls of remove curse {unknown}
Potions
 d - a potion of lignification {unknown}
 f - 2 potions of flight {unknown}
 h - a potion of curing {unknown}
 i - a potion of might {unknown}


   Skills:
 + Level 0.1 Fighting
 + Level 1.4 Short Blades
 + Level 2.6 Dodging
 + Level 5.1 Stealth
 + Level 2.2 Spellcasting
 + Level 5.0 Hexes


You had 5 spell levels left.
You knew the following spells:

 Your Spells              Type           Power        Failure   Level  Hunger
a - Corona                Hex            ###....      2%          1    N/A

Your spell library contained the following spells:

 Spells                   Type           Power        Failure   Level  Hunger
 Confuse                  Hex            ###.....     7%          3    N/A
 Tukima's Dance           Hex            ###.....     7%          3    N/A
 Ensorcelled Hibernation  Hex/Ice        ##....       10%         2    N/A
 Dazzling Spray           Conj/Hex       ##....       19%         3    N/A

Dungeon Overview and Level Annotations

Branches:
Dungeon (2/15)

Altars:
Kikubaaqudgha


Innate Abilities, Weirdness & Mutations

You do not eat.
You do not regenerate when monsters are visible.
You are frail without blood (-20% HP).
You can heal yourself when you bite living creatures.
You are immune to poison.
You have razor-sharp teeth.
You have supernaturally acute eyesight. (SInv)
You can survive without breathing.


Message History

You barely miss the hound.
The hound is moderately wounded.
The hound barely misses you.
You closely miss the hound.
The hound is moderately wounded.
The hound bites you.
* * * LOW HITPOINT WARNING * * *
You hit the hound.
The hound is heavily wounded.
The hound bites you.
* * * LOW HITPOINT WARNING * * *
The hound misses you.
You hit the hound. Your bite misses the hound.
The hound is heavily wounded.
The hound bites you.
* * * LOW HITPOINT WARNING * * *
You hit the hound.
The hound is severely wounded.
The hound bites you.
You die...

# ##########
.....)...#
########.######## #
#.......#...####
#.##.##.#.......
#.##.##.#...#######
#.##........@.....#
#.#####.#####h..⌠..#
#.#####.# ..8.8.#
#.......# ......#
######### ...####
####


You could see a hound.

Vanquished Creatures
  2 dart slugs
  2 giant cockroaches
  5 goblins
  4 hobgoblins
  7 bats
  2 frilled lizards (D:1)
  5 kobolds
  5 rats
32 creatures vanquished.

Notes
Turn   | Place    | Note
-------+----------+-------------------------------------------
     0 | D:1      | Lemonice the Vampire Enchanter began the quest for the Orb.
     0 | D:1      | Reached XP level 1. HP: 13/13 MP: 3/3
   130 | D:1      | Reached XP level 2. HP: 17/19 MP: 5/5
   491 | D:1      | Reached skill level 5 in Stealth
   692 | D:2      | Reached XP level 3. HP: 16/24 MP: 6/6
   710 | D:2      | Reached skill level 5 in Hexes
   768 | D:2      | Found an ancient bone altar of Kikubaaqudgha.
   852 | D:2      | Slain by a hound

Levels and vault maps discovered:
D:1:      lightli_iron_boxes, layout_loops_cross, serial_bayou_pond_a,
          minmay_misc_feat_doors
D:2:      layout_loops_ring, marbit_many_paths, nicolae_qazlal_eye_of_the_storm,
          overflow_temple_1_default, first_ration, hangedman_feature_mirror

Skill      XL: |  1  2  3 |
---------------+----------+-----
Stealth        | 5 |  5.1
Hexes          | 5 |  5.0
Fighting       | |  0.1
Short Blades   | |  1.4
Dodging        | |  2.6
Spellcasting   | |  2.2

Action                   || total
-------------------------++-------
Melee: Dagger            ||   127
       Bite              ||     2
 Cast: Corona            ||     2
 Abil: Exsanguinate      ||     1
 Stab: Sleeping          ||    10
Armor: Robe              ||    18
Dodge: Dodged            ||    81
